Map: Dusty Gorge

Players

Adversity - Winner!

  • Race: Terran Terran
  • Spawn Location: 3:00

BarcodeKilla - Winner!

  • Race: Terran Terran
  • League: Diamond
  • Spawn Location: 5:00

Walker

  • Race: Terran Terran
  • Spawn Location: 9:00

BonJearNoe

  • Race: Zerg Zerg
  • League: Diamond
  • Spawn Location: 11:00

VOD

Have the link to the VOD?

Description

Time

  • Played on: Sept. 4, 2018, 2:34 p.m.
  • Length: 6:00
Show
View Real Time Build Order
Export as new Build Order

Adversity Terran - Winner!

Build Orders:  

Get SALT Encoding   

  12  0:08  SCV  
  13  0:20  SCV  
  14  0:22  Supply Depot  
  14  0:32  SCV  
  14  0:35  Refinery  
  15  0:44  SCV  
  15  0:48  Barracks  
  16  0:56  SCV  
  17  1:06  Barracks  
  17  1:20  Barracks  
  17  1:25  SCV  
  18  1:36  Reaper  
  19  1:43  Orbital Command  
  19  1:56  Reaper  
  19  1:57  Refinery  
  21  2:08  Reaper  
  21  2:10  Supply Depot  
  21  2:16  Reaper  
  21  2:21  SCV  
  23  2:32  Reaper  
  24  2:39  Supply Depot  
  24  2:40  Reaper  
  24  2:41  SCV  
  26  2:51  Reaper  
  27  3:04  Reaper  
  27  3:12  Reaper, SCV  
  28  3:14  Barracks  
  28  3:15  Barracks  
  28  3:23  Reaper  
  29  3:36  Reaper  
  29  3:44  Reaper  
  29  3:55  Reaper  
  29  3:56  Command Center  
  30  4:03  Reaper  
  30  4:04  Reaper  
  31  4:12  SCV  
  31  4:14  Reaper  
  33  4:22  Reaper  
  34  4:25  Supply Depot  
  34  4:43  Reaper x2  
  34  4:45  SCV  
  36  4:46  Reaper  
  37  4:56  Reaper  
  38  5:06  Barracks Tech Lab  
  38  5:07  SCV  
  38  5:11  Orbital Command  
  39  5:19  SCV  
  38  5:29  Marine  
  38  5:30  Marine x2  
  38  5:32  Marine, Barracks Reactor  
  38  5:34  SCV  
  43  5:42  SCV  
  38  5:46  SCV  
Show
View Real Time Build Order
Export as new Build Order

BarcodeKilla Terran - Winner!

Build Orders: Cyclone Opening 

Get SALT Encoding   

  12  0:18  SCV  
  13  0:28  Supply Depot  
  13  0:30  Refinery, SCV  
  14  0:42  SCV  
  15  0:52  Barracks  
  15  0:54  SCV  
  16  0:59  Refinery  
  16  1:06  SCV  
  17  1:13  Supply Depot  
  17  1:18  SCV  
  18  1:30  SCV  
  19  1:43  Factory  
  19  1:45  Barracks Reactor  
  19  1:48  SCV  
  20  2:02  SCV  
  21  2:14  SCV  
  22  2:26  SCV  
  23  2:33  Cyclone  
  23  2:34  Cyclone  
  29  2:39  SCV  
  30  2:45  Supply Depot  
  30  2:51  SCV  
  31  3:07  Cyclone x2  
  37  3:19  Supply Depot, SCV  
  38  3:31  SCV  
  33  3:57  Cyclone  
  33  3:58  Cyclone  
  39  4:29  Cyclone  
  39  4:30  Cyclone  
  39  4:57  SCV  
  40  5:02  Command Center  
  40  5:09  SCV  
  40  5:13  Factory  
  41  5:15  Starport  
  41  5:21  SCV  
  42  5:25  Factory Tech Lab  
  42  5:33  SCV  
  42  5:34  Barracks Reactor  
  43  5:42  Refinery  
  43  5:45  SCV  
Show
View Real Time Build Order
Export as new Build Order

Walker Terran 

Build Orders:  

Get SALT Encoding   

  12  0:01  SCV  
  13  0:18  Supply Depot, SCV  
  14  0:30  SCV  
  15  0:40  Barracks  
  15  0:43  Refinery  
  15  0:46  SCV  
  16  0:58  SCV  
  17  1:10  SCV  
  18  1:13  Barracks  
  18  1:23  SCV  
  19  1:27  Reaper  
  19  1:29  Supply Depot  
  20  1:35  SCV  
  22  1:47  Refinery, SCV  
  22  1:53  Barracks  
  22  1:59  SCV  
  24  2:01  Reaper  
  24  2:04  Reaper  
  25  2:12  SCV  
  26  2:39  Reaper x2  
  27  2:45  Barracks  
  27  2:56  Reaper  
  28  3:11  Reaper  
  28  3:23  Reaper  
  28  3:28  Reaper  
  29  3:45  Reaper  
  27  3:55  Reaper  
  27  4:00  Reaper x2  
  30  4:05  Supply Depot  
  26  4:27  Reaper  
  6  4:47  Orbital Command  
  6  5:00  Marine x4  
  5  5:44  SCV  
Show
View Real Time Build Order
Export as new Build Order

BonJearNoe Zerg 

Build Orders: Pool First, Ravager All-In 

Get SALT Encoding   

  12  0:01  Drone  
  13  0:09  Drone  
  14  0:15  Extractor  
  14  0:16  Drone  
  14  0:34  Spawning Pool  
  13  0:36  Drone  
  14  0:45  Overlord  
  14  1:04  Drone x3  
  17  1:24  Roach Warren  
  16  1:28  Queen  
  18  1:34  Extractor  
  18  1:39  Overlord  
  17  2:05  Roach x2  
  17  2:06  Roach  
  23  2:17  Overlord  
  23  2:31  Ravager  
  23  2:32  Ravager x2  
  23  2:33  Roach  
  28  2:39  Roach  
  30  2:47  Roach  
  32  3:01  Roach  
  34  3:10  Overlord  
  34  3:25  Ravager  
  26  3:45  Roach x4  
  25  4:08  Ravager x4  
  26  4:41  Roach x4  
  26  4:42  Roach x2  
  38  4:51  Lair  
  38  4:56  Overlord  
  38  5:03  Hatchery  
  38  5:06  Ravager x4  
Tags
 
Add a new tag
Caveats
  • Supply blocks, unpowered buildings, or Contaminate may cause inaccurate times.
  • Supply counts are checked every 10 seconds.